 Dungeon Crawl Stone Soup version 0.22.1-2-g9c5b331383 (webtiles) character file.

1790 Sety the Slasher (level 9, -6/54 HPs)
             Began as a Gargoyle Fighter on Nov 24, 2018.
             Mangled by an ogre
             ... wielding a +0 giant spiked club
              (21 damage)
             ... on level 7 of the Dungeon.
             The game lasted 00:27:09 (5736 turns).

Sety the Slasher (Gargoyle Fighter)                 Turns: 5736, Time: 00:27:09

Health: -6/54      AC: 18    Str: 19    XL:     9   Next: 8%
Magic:  9/9        EV: 11    Int: 11    God:
Gold:   377        SH:  2    Dex: 11    Spells: 8/8 levels left

rFire    + . .     SeeInvis .   a - +2 long sword
rCold    x . .     Gourm    .   (no shield)
rNeg     + . .     Faith    .   b - +0 scale mail
rPois    ∞         Spirit   .   p - +0 helmet
rElec    +         Reflect  +   q - +0 cloak
rCorr    .         Harm     .   r - +0 pair of gloves
MR       .....                  (no boots)
Stlth    +.........             s - +2 amulet of reflection
HPRegen  0.18/turn              m - ring of stealth
MPRegen  0.11/turn              u - ring of fire

@: no status effects
A: negative energy resistance 1, electricity resistance, unbreathing,
petrification resistance, rot immunity, AC +6
a: no special abilities


You were on level 7 of the Dungeon.
You were hungry.

You visited 1 branch of the dungeon, and saw 7 of its levels.

You collected 377 gold pieces.

Inventory:

Hand Weapons
 a - a +2 long sword (weapon)
 w - a -1 long sword
Missiles
 i - 19 poisoned needles
Armour
 b - a +0 scale mail (worn)
 c - a +0 shield
 p - a +0 helmet (worn)
 q - a +0 cloak (worn)
 r - a +0 pair of gloves (worn)
Jewellery
 m - a ring of stealth (left hand)
 s - a +2 amulet of reflection (around neck)
 t - an uncursed amulet of regeneration
 u - a ring of fire (right hand)
 E - a +4 ring of strength {unknown}
Wands
 B - a wand of clouds (6)
 D - a wand of flame (28)
 F - a wand of polymorph (23)
Scrolls
 e - 5 scrolls of teleportation
 g - 3 scrolls of identify
 h - a scroll of fear
 o - a scroll of fog
 x - a scroll of magic mapping
 y - 2 scrolls of remove curse
 z - a scroll of silence {unknown}
Potions
 d - a potion of invisibility
 j - 4 potions of curing
 k - a potion of agility
 l - a potion of cancellation
 n - 3 potions of brilliance
 A - a potion of ambrosia
 C - a potion of lignification {unknown}
Comestibles
 f - 15 rations


   Skills:
 + Level 5.2 Fighting
 + Level 7.5 Long Blades
 + Level 6.4 Armour
 + Level 2.8 Dodging
 + Level 0.4 Stealth
 + Level 5.0 Shields


You had 8 spell levels left.
You didn't know any spells.
Your spell library contained the following spells:

 Spells                   Type           Power        Failure   Level  Hunger
 Infusion                 Chrm           #...         67%         1    ##.....
 Shroud of Golubria       Chrm/Tloc      #.........   82%         2    ###....
 Song of Slaying          Chrm           #.......     82%         2    ###....
 Regeneration             Chrm/Necr      #.........   96%         3    ####...
 Spectral Weapon          Hex/Chrm       #.......     96%         3    ####...


Dungeon Overview and Level Annotations

Branches:
Dungeon (7/15)             Temple (0/1) D:6

Altars:
Cheibriados
Dithmenos
Gozag
Kikubaaqudgha
Uskayaw
Xom


Innate Abilities, Weirdness & Mutations

You are resistant to torment.
Your stone body is resilient. (AC +6)
You are immune to poison.
You resist negative energy. (rN+)
You are resistant to electric shocks. (rElec)
You can survive without breathing.
You are immune to petrification.
You are immune to rotting.


Message History

The ogre hits you but does no damage.
You hit the ogre.
The ogre is moderately wounded.
You barely miss the ogre.
The ogre is moderately wounded.
The ogre hits you with a giant spiked club!
* * * LOW HITPOINT WARNING * * *
You hit the ogre.
The ogre is heavily wounded.
The ogre hits you but does no damage.
You hit the ogre.
The ogre is heavily wounded.
The ogre hits you but does no damage.
You are feeling hungry.
You barely miss the ogre.
The ogre is heavily wounded.
You hit the ogre but do no damage.
The ogre is heavily wounded.
The ogre hits you with a giant spiked club!!
You die...

#....... ..# #.>..... ..
#....... #+ ## #+# ..#
###+##.# ##.##.##.##..##.
.##.# ................ #.
..... ............... #.
..... !.......O......
#...##.. #..@#####
#..##..
##...##<.##+###..##..
#....#....#..#.......
+....#....'..+....... #
##..###.###..##..##.#
##..##..###.###'###..##.#
#.......#...#...........#
#.......'...#...........#
#..#######'####>.##...###


You could see an ogre.

Vanquished Creatures
  An orc warrior (D:5)
  2 ogres
  2 centaurs (D:6)
  A gnoll sergeant (D:6)
  5 killer bees (D:7)
  2 howler monkeys
  A hound (D:2)
  2 jellies (D:5)
  A gnoll shaman (D:5)
  3 orc priests
  A centaur skeleton (D:4)
  6 orc wizards
  Crazy Yiuf (D:5)
  4 iguanas
  3 worker ants
  A hound zombie (D:5)
  A hound skeleton (D:5)
  8 adders
  13 gnolls
  3 oozes
  An adder skeleton (D:7)
  2 dart slugs
  3 worms
  2 leopard geckos
  25 orcs
  4 ball pythons
  4 giant cockroaches
  4 goblins
  12 hobgoblins
  19 jackals
  5 quokkas
  8 bats
  7 frilled lizards
  11 kobolds
  A quokka zombie (D:5)
  8 rats
177 creatures vanquished.

Notes
Turn   | Place    | Note
-------+----------+-------------------------------------------
     0 | D:1      | Sety the Gargoyle Fighter began the quest for the Orb.
     0 | D:1      | Reached XP level 1. HP: 14/14 MP: 1/1
    61 | D:1      | Reached XP level 2. HP: 19/19 MP: 2/2
   143 | D:1      | Reached skill level 2 in Long Blades
   460 | D:1      | Reached XP level 3. HP: 24/24 MP: 3/3
  1009 | D:2      | Reached XP level 4. HP: 18/29 MP: 4/4
  1026 | D:2      | Reached skill level 3 in Long Blades
  1320 | D:3      | Found an opulent altar of Gozag.
  1487 | D:3      | Reached XP level 5. HP: 33/33 MP: 5/5
  1570 | D:3      | Reached skill level 1 in Dodging
  2041 | D:4      | Noticed an ogre
  2067 | D:4      | Killed an ogre
  2067 | D:4      | Reached skill level 4 in Long Blades
  2067 | D:4      | Reached XP level 6. HP: 31/38 MP: 6/6
  2710 | D:5      | Entered Level 5 of the Dungeon
  2786 | D:5      | Noticed an orc warrior
  2806 | D:5      | Killed an orc warrior
  2806 | D:5      | Reached XP level 7. HP: 12/44 MP: 7/7
  2984 | D:5      | Reached skill level 5 in Long Blades
  3018 | D:5      | Found a snail-covered altar of Cheibriados.
  3179 | D:5      | Found a runed door.
  3327 | D:5      | Reached skill level 5 in Armour
  3556 | D:5      | Noticed Crazy Yiuf
  3562 | D:5      | Paralysed by Crazy Yiuf for 4 turns
  3567 | D:5      | Killed Crazy Yiuf
  3567 | D:5      | Reached skill level 6 in Long Blades
  3567 | D:5      | Reached XP level 8. HP: 48/48 MP: 8/8
  3745 | D:6      | Found a staircase to the Ecumenical Temple.
  3960 | D:6      | Noticed a hand axe
  3960 | D:6      | Noticed a hand axe
  3963 | D:6      | Found a hide-covered altar of Uskayaw.
  3993 | D:6      | Reached skill level 5 in Fighting
  4105 | D:6      | Reached skill level 7 in Long Blades
  4547 | D:6      | Found a shimmering altar of Xom.
  4693 | D:6      | Found an ancient bone altar of Kikubaaqudgha.
  4908 | D:7      | Found a shadowy altar of Dithmenos.
  4979 | D:7      | Reached XP level 9. HP: 19/54 MP: 9/9
  5001 | D:7      | HP: 1/54 [iguana (4)]
  5006 | D:7      | Reached skill level 5 in Shields
  5736 | D:7      | Mangled by an ogre

Skill      XL: |  1  2  3  4  5  6  7  8  9 |
---------------+----------------------------+-----
Long Blades    | 2 3 4 6 7 |  7.5
Shields        | 4 5 |  5.0
Dodging        | 1 2 |  2.8
Fighting       | 4 5 |  5.2
Armour         | 4 5 6 |  6.4
Stealth        | |  0.4

Action                   |  1- 3 |  4- 6 |  7- 9 || total
-------------------------+-------+-------+-------++-------
Melee: Long sword        |   130 |   256 |   404 ||   790
  Use: Scroll            |     6 |     4 |     7 ||    17
       Potion            |       |     3 |     5 ||     8
  Eat: Chunk             |     1 |     6 |    10 ||    17
Armor: Scale mail        |    72 |   182 |   281 ||   535
Dodge: Dodged            |    50 |   110 |   240 ||   400
Block: Shield            |    79 |   132 |       ||   211
       Other             |       |       |    24 ||    24
       Reflection        |       |       |     1 ||     1
       Rpst.: Long sword |    14 |    38 |    70 ||   122
